[Event "Late-Titled-Tuesday-Blitz-April-16-2024"]
[Site "Chess.com"]
[Date "2024.04.16"]
[Round "4"]
[White "Vahe_Danielyan"]
[Black "AlainBruxelles"]
[Result "1-0"]
[WhiteElo "2646"]
[BlackElo "2363"]
[TimeControl "180+1"]
[EndTime "14:37:18 PDT"]
[Termination "Vahe_Danielyan won by resignation"]

1. d4 d5 2. c4 e6 3. Nc3 Nf6 4. cxd5 exd5 5. Bg5 c6 6. Qc2 g6 7. e3 Bf5 8. Bd3 Bxd3 9. Qxd3 Bg7 10. Nf3 O-O 11. O-O Nbd7 12. Rab1 h6 13. Bh4 g5 14. Bg3 Re8 15. b4 Ne4 16. Qc2 Nb6 17. Nxe4 dxe4 18.
Nd2 f5 19. b5 Rc8 20. Qb3+ Kh7 21. bxc6 Rxc6 22. a4 Re7 23. Rfd1 Nd5 24. Nc4 b6 25.
Be5 f4 26. Bxg7 Rxg7 27. Qb5 Rf6 28. Rbc1 f3 29. Nd2 fxg2 30. Nxe4 Rf5 31. Ng3 Rf6 32.
Rc6 Rgf7 33. Rxf6 Rxf6 34. Rc1 Qd6 35. Ne4 Qe6 36. Qxd5 1-0

[Event "Late-Titled-Tuesday-Blitz-April-16-2024"]
[Site "Chess.com"]
[Date "2024.04.16"]
[Round "4"]
[White "tgpgoat"]
[Black "Jagerrmeisterr"]
[Result "1-0"]
[WhiteElo "2434"]
[BlackElo "2712"]
[TimeControl "180+1"]
[EndTime "14:37:18 PDT"]
[Termination "tgpgoat won by checkmate"]

1. Nf3 f5 2. Rg1 Nf6 3. d4 e6 4.
Bg5 d5 5. g4 fxg4 6. Rxg4 e5 7. dxe5 Bxg4 8. exf6 gxf6 9. Qd4 Nc6 10.
Qxg4 fxg5 11. Qh5+ Kd7 12. Bh3+ Kd6 13. Nxg5 Qe8 14.
Nf7+ Ke7 15. Nc3 Bg7 16. Nxd5+ Kf8 17. Nxc7 Qxf7 18. Qc5+ Qe7 19. Qf5+ Bf6 20. Nxa8 Nd4 21. Qd3 Kg7 22. O-O-O Rxa8 23. Rg1+ Kh8 24. e3 Nf3 25. Rg3 Rd8 26. Qc4 Qd6 27. Qe2 Bxb2+ 28. Kxb2 Qb4+ 29. Kc1 Qa3+ 30. Kb1 Qb4+ 31. Kc1 Rd2 32. Qxf3 Rd6 33. Qf8# 1-0

[Event "Late-Titled-Tuesday-Blitz-April-16-2024"]
[Site "Chess.com"]
[Date "2024.04.16"]
[Round "4"]
[White "Navyblue1"]
[Black "Boorchess"]
[Result "1-0"]
[WhiteElo "2254"]
[BlackElo "2484"]
[TimeControl "180+1"]
[EndTime "14:37:20 PDT"]
[Termination "Navyblue1 won on time"]

1. d4 Nf6 2. c4 e6 3. Nf3 c5 4. d5 b5 5. cxb5 a6 6. dxe6 fxe6 7. e3 Bb7 8. Nc3 d5 9. bxa6 Bxa6 10.
Bxa6 Rxa6 11. O-O Nc6 12. Ng5 Qd7 13. Rb1 Bd6 14. Qe2 Rb6 15. Bd2 O-O 16. Na4 Rb7 17. Rfc1 c4 18. e4 Nd4 19. Qe3 Bxh2+ 20. Kh1 Qxa4 21.
Qxd4 Bd6 22. e5 Ne4 23. exd6 Nxf2+ 24. Kg1 Nd3 25. Rf1 Qd7 26. Bc3 e5 27. Qh4 h6 28.
Nf3 e4 29. Ne5 Qxd6 30. Nxd3 cxd3 31. Qg4 Rxf1+ 32. Rxf1 1-0

[Event "Late-Titled-Tuesday-Blitz-April-16-2024"]
[Site "Chess.com"]
[Date "2024.04.16"]
[Round "4"]
[White "Polish_fighter3000"]
[Black "MathiasWomacka"]
[Result "1-0"]
[WhiteElo "3120"]
[BlackElo "2509"]
[TimeControl "180+1"]
[EndTime "14:37:22 PDT"]
[Termination "Polish_fighter3000 won by resignation"]

1. e4 c5 2. Nc3 Nc6 3. Bb5 Nd4 4. Nf3 Nxb5 5. Nxb5 d6 6. d4 Nf6 7. Nc3 cxd4 8. Qxd4 e5 9. Qd3 h6 10. O-O Be7 11. Nd2 Be6 12. Nc4 Rc8 13. Ne3 O-O 14. a4 Qb6 15. Rd1 Qc5 16. Bd2 Qd4 17. Be1 Qxd3 18. Rxd3 Rc6 19. f3 Rfc8 20. Nb5 Ra8 21. Bb4 Ne8 22. Rad1 a6 23. Nxd6 Nxd6 24. Bxd6 Bxd6 25.
Rxd6 Rac8 26. Rxc6 Rxc6 27. Rd8+ Kh7 28. h4 g5 29. h5 b5 30. a5 Kg7 31. Kf2 Kf6 32. g4 Ke7 33. Rh8 Ba2 34. Ke2 b4 35. b3 Rc5 36. Nd5+ 1-0

[Event "Late-Titled-Tuesday-Blitz-April-16-2024"]
[Site "Chess.com"]
[Date "2024.04.16"]
[Round "4"]
[White "VinzentSpitzl"]
[Black "cristiano78"]
[Result "1/2-1/2"]
[WhiteElo "2476"]
[BlackElo "2287"]
[TimeControl "180+1"]
[EndTime "14:37:24 PDT"]
[Termination "Game drawn by repetition"]

1. Nf3 Nf6 2. d4 g6 3. c4 Bg7 4.
Nc3 O-O 5. e3 d6 6. Be2 b6 7. O-O Bb7 8. b3 Nbd7 9. Bb2 Ne4 10.
Nxe4 Bxe4 11. Nd2 Bb7 12. Bf3 Qc8 13. Bxb7 Qxb7 14. Qf3 Qxf3 15. Nxf3 Rad8 16. Rfd1 c5 17. a4 a5 18. Rab1 Rfe8 19. d5 Bxb2 20. Rxb2 Nf6 21.
Ng5 h6 22. Nh3 Kf8 23. f3 e6 24. dxe6 fxe6 25. e4 d5 26. Rbd2 d4 27. Nf4 Kf7 28.
Nd3 Nd7 29. f4 e5 30. Rf1 exf4 31. Nxf4 Kg7 32. Rdf2 Ne5 33. Nd5 Rd6 34. Rf6 Ree6 35. Rf8 h5 36. Rb8 Ng4 37. Rb7+ Kh6 38. h4 Rxe4 39. Ne7 Rxe7 40. Rxe7 g5 41. g3 gxh4 42. gxh4 d3 43. Rd1 Kg6 44. Kg2 Kf6 45. Re4 Kf5 46. Re8 Nf6 47. Re3 d2 48. Re2 Ne4 49. Kf3 Rd3+ 50.
Re3 Rd4 51. Kg2 Kf4 52. Rf3+ Kg4 53. Re3 Kf4 54. Rf3+ Kg4 55. Re3 Kf4 1/2-1/2

[Event "Late-Titled-Tuesday-Blitz-April-16-2024"]
[Site "Chess.com"]
[Date "2024.04.16"]
[Round "4"]
[White "lagedema"]
[Black "BeanScreen"]
[Result "0-1"]
[WhiteElo "2433"]
[BlackElo "2662"]
[TimeControl "180+1"]
[EndTime "14:37:26 PDT"]
[Termination "BeanScreen won by resignation"]

1. e4 e5 2. Nf3 Nc6 3. Bb5 f5 4.
Nc3 fxe4 5. Nxe4 Nf6 6. Qe2 d5 7.
Nxf6+ gxf6 8. Nd4 Bd7 9. Qh5+ Ke7 10. Nf5+ Bxf5 11. Qxf5 Nd4 12. Qd3 c5 13. c4 a6 14. Ba4 dxc4 15. Qxc4 b5 16. Qxc5+ Kf7 17. Qc3 bxa4 18. Qc4+ Kg7 19. O-O Qd7 20. h3 e4 21.
Re1 f5 22. Re3 Rc8 23. Rg3+ Kf6 24. Qxa6+ Qc6 25. Qf1 Qxc1 26. Rxc1 Rxc1 27. Qxc1 Ne2+ 28. Kf1 Nxc1 29. Rc3 Nd3 30. Rc4 a3 31. bxa3 Bxa3 32. g4 Rb8 33. gxf5 Rb1+ 34. Kg2 Kxf5 35. f3 Ne1+ 36.
Kf2 Bc5+ 37. Rxc5+ Kf4 38. Rc7 Nd3+ 39. Kg2 exf3+ 40. Kh2 f2 41. Rf7+ Ke5 42. Kg2 Rg1+ 43. Kh2 f1=Q 0-1

[Event "Late-Titled-Tuesday-Blitz-April-16-2024"]
[Site "Chess.com"]
[Date "2024.04.16"]
[Round "4"]
[White "Harsha_Bharathakoti"]
[Black "BabageldiAnnaberdiyev"]
[Result "1-0"]
[WhiteElo "2916"]
[BlackElo "2599"]
[TimeControl "180+1"]
[EndTime "14:37:27 PDT"]
[Termination "Harsha_Bharathakoti won on time"]

1. Nf3 c5 2. c4 Nc6 3. g3 g6 4. Bg2 Bg7 5. O-O d6 6. Nc3 e5 7. a3 a5 8. Ne1 Nge7 9. Nc2 Be6 10. Ne3 O-O 11. Rb1 h5 12. d3 h4 13. Ned5 h3 14. Bh1 Bxd5 15. cxd5 Nd4 16. e3 Ndf5 17. Qg4 Rb8 18.
a4 b6 19. Qxh3 Nc8 20. Bd2 Na7 21. Qg4 Nh6 22. Qe2 f5 23. Bg2 Qd7 24. b3 Kh7 25. Qd1 Rh8 26. h3 Nf7 27. Ne2 Kg8 28. f4 b5 29. Qc2 b4 30. fxe5 Nxe5 31. Nf4 Nc8 32. d4 cxd4 33. exd4 Nf7 34. Ne6 Nb6 35. Rbc1 Rc8 36.
Qd3 Bf6 37. g4 Rxc1 38. Bxc1 Rh4 39. Be3 1-0

[Event "Late-Titled-Tuesday-Blitz-April-16-2024"]
[Site "Chess.com"]
[Date "2024.04.16"]
[Round "4"]
[White "BogdanDeac"]
[Black "Zavgorodniy_Sergiy"]
[Result "1-0"]
[WhiteElo "3000"]
[BlackElo "2618"]
[TimeControl "180+1"]
[EndTime "14:37:28 PDT"]
[Termination "BogdanDeac won by resignation"]

1. Nf3 d5 2. d4 Nf6 3. c4 dxc4 4. e3 e6 5. Bxc4 a6 6. O-O b5 7. Be2 Bb7 8. a4 b4 9. Nbd2 Nbd7 10. Nc4 c5 11. b3 Be7 12. Bb2 O-O 13. Rc1 cxd4 14. Nxd4 Nc5 15. Bf3 Nd5 16. Qc2 Rc8 17. Rfd1 Qc7 18.
Nf5 Nc3 19. Bxc3 Bxf3 20. gxf3 bxc3 21. Nxe7+ Qxe7 22. Qxc3 Rb8 23. Na5 Qg5+ 24. Kf1 Nb7 25. Nc6 Ra8 26. Qe5 Qxe5 27. Nxe5 f6 28. Rc7 Rfd8 29.
Rxd8+ Nxd8 30. Nc4 Rb8 31. Ke2 Nf7 32. Rc6 h5 33. Nd2 a5 34. Rxe6 Rc8 35. Nc4 Rc5 36. f4 Kh7 37. Ra6 Nh6 38. Rxa5 Rc7 39. Rxh5 Kg6 40.
Rb5 Nf5 41. a5 Ra7 42. Rc5 Ne7 43. b4 Kf7 44. b5 Ke6 45. b6 Ra6 46. b7 Nc6 47.
Rxc6+ Rxc6 48. b8=Q 1-0

[Event "Late-Titled-Tuesday-Blitz-April-16-2024"]
[Site "Chess.com"]
[Date "2024.04.16"]
[Round "4"]
[White "Leebit02"]
[Black "lamomiajunior"]
[Result "1-0"]
[WhiteElo "2554"]
[BlackElo "2724"]
[TimeControl "180+1"]
[EndTime "14:37:28 PDT"]
[Termination "Leebit02 won by resignation"]

1. d4 Nf6 2. c4 e6 3. Nf3 d5 4. g3 Bb4+ 5. Nbd2 dxc4 6. Bg2 O-O 7.
O-O b5 8. a4 c6 9. Ne1 Nd5 10.
Nc2 Bxd2 11. Bxd2 Bb7 12. e4 Ne7 13. a5 a6 14. Bb4 Nd7 15. h4 Rc8 16. Qg4 Kh8 17.
Rad1 Qe8 18. Bd6 c5 19. dxc5 Nxc5 20. Nb4 Rg8 21. Qg5 f6 22. Qe3 Nd3 23. Nxd3 cxd3 24. Rxd3 Nc6 25. Qb6 Qf7 26. Rfd1 e5 27. Bc5 Nb8 28.
b4 h6 29. Rd6 Bc6 30. Bh3 Rc7 31. Be6 Qg6 32. Bxg8 Qxe4 33. Bd5 Bxd5 34. R6xd5 Rc8 35. Qb7 Rg8 36. Qf7 Qf3 37. Rd8 Rxd8 38. Rxd8+ Kh7 39.
Qd5 e4 40. Rxb8 Qe2 41. Qf5+ 1-0

[Event "Late-Titled-Tuesday-Blitz-April-16-2024"]
[Site "Chess.com"]
[Date "2024.04.16"]
[Round "4"]
[White "andrew-blr"]
[Black "stasOR4ik"]
[Result "0-1"]
[WhiteElo "2628"]
[BlackElo "2430"]
[TimeControl "180+1"]
[EndTime "14:37:28 PDT"]
[Termination "stasOR4ik won by resignation"]

1. d4 d5 2. c4 c6 3. Nf3 Nf6 4. e3 e6 5. b3 Nbd7 6. Bd3 Ne4 7. O-O f5 8. Qc2 Bd6 9. Ba3 Qe7 10. Bxd6 Qxd6 11.
Nc3 O-O 12. Ne2 h6 13. Qb2 g5 14. Ne5 Nxe5 15. dxe5 Qb4 16. a3 Qd2 17. Ra2 Qxd3 18. Nc1 Qc3 19. Qe2 Qa5 20. b4 Qc7 21. Rc2 Qxe5 22. Nd3 Qg7 23. f3 Nd6 24. c5 Nc4 25. Nf2 e5 26. e4 Be6 27. exd5 cxd5 28. a4 a5 29. b5 Rac8 30. Nd3 e4 31. fxe4 dxe4 32.
c6 Qd4+ 33. Nf2 bxc6 34. Rd1 Qe3 35. Qh5 Kg7 36. h4 Bf7 37. Rd7 Ne5 38. Re2 Qc1+ 39.
Kh2 Nxd7 40. hxg5 Bxh5 41. gxh6+ Qxh6 0-1

[Event "Late-Titled-Tuesday-Blitz-April-16-2024"]
[Site "Chess.com"]
[Date "2024.04.16"]
[Round "4"]
[White "Firouzja2003"]
[Black "HamedWafa4"]
[Result "1-0"]
[WhiteElo "3034"]
[BlackElo "2767"]
[TimeControl "180+1"]
[EndTime "14:37:30 PDT"]
[Termination "Firouzja2003 won by resignation"]

1. e4 e5 2. Nf3 Nc6 3. Bb5 a6 4.
Ba4 Nf6 5. O-O Nxe4 6. d4 Be7 7. Re1 b5 8. Rxe4 d5 9. Nxe5 Nxe5 10. Rxe5 bxa4 11.
b3 O-O 12. Rxe7 Qxe7 13. Ba3 Qe8 14. Bxf8 Qxf8 15. Nc3 axb3 16. axb3 c6 17. Na4 Bf5 18. Nc5 a5 19. Qd2 Qd8 20. h3 h6 21. Nb7 Qb6 22. Nc5 Qd8 23. c3 Rb8 24. Qf4 Bc2 25. Rxa5 Bxb3 26. Ra7 Qe8 27. Rxf7 Bc2 28. Ra7 Rb1+ 29.
Kh2 Qb8 30. Qxb8+ Rxb8 31. Rc7 Rb6 32. Nd7 Rb2 33. Rxc6 Ba4 34. Rc8+ Kh7 35. Nf8+ Kg8 36. f4 Bc2 37. Nd7+ Kh7 38. Rb8 Ra2 39. Nf8+ Kg8 40. g4 Kf7 41. Kg3 g5 42. Nd7 Be4 43. Ne5+ Ke7 44. Rb7+ Kd8 45. fxg5 hxg5 46. Nf7+ Kc8 47.
Nd6+ Kd8 48. Nxe4 dxe4 49. Rb5 Rc2 50. Rxg5 Rxc3+ 51. Kf4 1-0

[Event "Late-Titled-Tuesday-Blitz-April-16-2024"]
[Site "Chess.com"]
[Date "2024.04.16"]
[Round "4"]
[White "Yonousomodulo"]
[Black "MikeSailer"]
[Result "0-1"]
[WhiteElo "2424"]
[BlackElo "2175"]
[TimeControl "180+1"]
[EndTime "14:37:30 PDT"]
[Termination "MikeSailer won by checkmate"]

1. c4 e6 2. g3 d5 3. Bg2 Nf6 4.
Nf3 Be7 5. O-O O-O 6. d4 c5 7. cxd5 exd5 8. dxc5 Bxc5 9. a3 Nc6 10. b4 Bb6 11.
Bb2 Be6 12. Nbd2 Qe7 13. Nb3 Rfd8 14. Nfd4 Ne5 15. Nxe6 Qxe6 16. Nd4 Qd7 17. Nf3 Nc4 18. Bxf6 gxf6 19. Nh4 Qg4 20. Bf3 Qg5 21. Qc2 Rac8 22.
Rac1 Rc7 23. Qf5 Nxa3 24. Rxc7 Bxc7 25. Bxd5 Rxd5 26. Qc8+ Bd8 27. e4 Rd2 28. Nf3 Qh6 29. Nxd2 Qxd2 30. Qxb7 Bb6 31. Qd5 Qxb4 32. Rc1 Kg7 33.
Rc8 Qe1+ 34. Kg2 Qxf2+ 35. Kh3 Qf1+ 36. Kh4 Nb5 37. Qd2 Nd4 38. Qb4 Nf3+ 39. Kg4 Ne5+ 40. Kh4 Nf3+ 41. Kg4 Nxh2+ 42. Kh4 Nf3+ 43. Kg4 Ne5+ 44.
Kh4 Qh1# 0-1

[Event "Late-Titled-Tuesday-Blitz-April-16-2024"]
[Site "Chess.com"]
[Date "2024.04.16"]
[Round "4"]
[White "micke12a"]
[Black "ilm2034"]
[Result "1-0"]
[WhiteElo "2448"]
[BlackElo "2554"]
[TimeControl "180+1"]
[EndTime "14:37:31 PDT"]
[Termination "micke12a won by resignation"]

1. d4 Nf6 2. Bf4 d6 3. e3 b6 4. Nf3 Bb7 5. Be2 Nbd7 6. O-O g6 7. c4 Bg7 8. Nc3 O-O 9. Rc1 Re8 10. h3 a6 11. a3 c5 12. b4 h6 13. Bh2 Qc7 14. Na4 e5 15. dxe5 dxe5 16. Nd2 Rad8 17. Bf3 Bc6 18.
Bxc6 Qxc6 19. Qc2 Nh7 20. Ne4 f5 21. Nec3 cxb4 22. Nd5 b5 23. Nxb4 Qe6 24. cxb5 axb5 25. Nc5 Nxc5 26. Qxc5 Rb8 27. Qd5 Nf6 28. Qxe6+ Rxe6 29. Rc6 Rbe8 30. Rfc1 Ne4 31. Rxe6 Rxe6 32. Rc6 Kf7 33.
f3 Nd2 34. Rc7+ Re7 35. Nd5 Rxc7 36. Nxc7 Nc4 37. Nxb5 Nxe3 38. Kf2 f4 39. Bg1 Bf8 40. a4 Bc5 41. Ke2 Ke6 42. Bxe3 Bxe3 43. a5 Kd5 44. a6 Kc6 45. a7 Kb7 46. Kd3 Bc1 47. Ke4 Bb2 48. Kd5 g5 49. Ke4 h5 50. Kf5 g4 51.
hxg4 hxg4 52. fxg4 Ba1 53. Ke4 1-0

[Event "Late-Titled-Tuesday-Blitz-April-16-2024"]
[Site "Chess.com"]
[Date "2024.04.16"]
[Round "4"]
[White "KVAIDAN"]
[Black "ekurtz"]
[Result "0-1"]
[WhiteElo "2381"]
[BlackElo "2593"]
[TimeControl "180+1"]
[EndTime "14:37:32 PDT"]
[Termination "ekurtz won by resignation"]

1. f4 Nf6 2. Nf3 g6 3. d3 d5 4. e3 Bg7 5. Be2 c5 6. O-O Nc6 7. Kh1 O-O 8. a4 b6 9. Ne5 Bb7 10. Nxc6 Bxc6 11. Bf3 Qc7 12. Qe1 e5 13. fxe5 Qxe5 14.
e4 dxe4 15. Nc3 Rfe8 16. dxe4 Nxe4 17. Bxe4 Bxe4 18. Bf4 Qe6 19. Qg3 Bb7 20. Nb5 Qc6 21. Nc7 Re2 22. Rf2 Rxf2 23. Qxf2 Rc8 24. Nb5 Ra8 25. Nc7 Rd8 26. c3 a6 27. Qf1 h6 28.
Nxa6 Rd3 29. Nc7 Rd7 30. Nb5 Re7 31. Nd6 Ba8 32. Nc4 Re4 33. Ne3 g5 34. Nf5 Rxf4 35.
Ne7+ Kh7 36. Nxc6 Rxf1+ 37. Rxf1 Bxc6 38. Rxf7 Bxa4 39. Rb7 b5 40. Ra7 c4 41. Kg1 Kg6 42.
Kf2 Bf8 43. Kf3 Bd1+ 44. Ke4 Ba4 45. g4 Bc5 46. Ra6+ Kg7 47. Kd5 Bg1 48. h3 Be3 49. Ke6 Bc1 50. Kf5 Bxb2 51. Ra7+ Kf8 52. Kg6 Bxc3 53.
Kxh6 Bd2 54. Rd7 c3 55. Kg6 c2 56. Rxd2 c1=Q 57. Rf2+ Ke7 58. Rf5 Bc2 0-1

[Event "Late-Titled-Tuesday-Blitz-April-16-2024"]
[Site "Chess.com"]
[Date "2024.04.16"]
[Round "4"]
[White "IMGC"]
[Black "Romkachess"]
[Result "1-0"]
[WhiteElo "2467"]
[BlackElo "2676"]
[TimeControl "180+1"]
[EndTime "14:37:34 PDT"]
[Termination "IMGC won by resignation"]

1. Nf3 Nf6 2. e3 b6 3. d4 Bb7 4. c4 e6 5. Nc3 Bb4 6. Bd3 O-O 7.
O-O d5 8. a3 Bxc3 9. bxc3 dxc4 10. Bxc4 Ne4 11. Bb2 Nd7 12. a4 a6 13. Bd3 c5 14. Qc2 Ndf6 15. Ne5 Rc8 16. f3 Nd6 17.
Qe2 cxd4 18. cxd4 a5 19. Ba3 Nd5 20. Rac1 Nb4 21. Rxc8 Qxc8 22. Rc1 Qd8 23. Bxb4 axb4 24. Rb1 f6 25. Nc4 Bd5 26. Rxb4 Qc7 27. Nxb6 Bc6 28.
Qc2 Rd8 29. Bxh7+ Kf8 30. Bd3 Qb7 31. a5 Bd7 32. a6 Qa7 33. Qc5 Ke7 34. Nd5+ exd5 35.
Qxa7 Ke6 36. Rb6 Rc8 37. Qb7 Rc1+ 38. Kf2 Ke7 39. Rxd6 Kxd6 40. Qb6+ Bc6 41. Bb5 Rc2+ 42. Kg3 Kd7 43. Bxc6+ Rxc6 44. Qb7+ Kd6 45. a7 1-0

[Event "Late-Titled-Tuesday-Blitz-April-16-2024"]
[Site "Chess.com"]
[Date "2024.04.16"]
[Round "4"]
[White "grzechu96"]
[Black "Balla_Tamas"]
[Result "1-0"]
[WhiteElo "2767"]
[BlackElo "2541"]
[TimeControl "180+1"]
[EndTime "14:37:35 PDT"]
[Termination "grzechu96 won by checkmate"]

1. e4 c5 2. Nf3 Nc6 3. Bb5 Nf6 4.
Bxc6 dxc6 5. d3 Nd7 6. Bf4 Nb6 7. h3 g6 8. Nc3 Bg7 9. Qd2 O-O 10. Bh6 Be6 11. O-O Nd7 12. Bxg7 Kxg7 13. Ng5 Ne5 14. f4 Nd7 15. Qf2 h6 16. Nxe6+ fxe6 17. Qg3 Nf6 18. Rad1 Kh7 19. Kh2 Qc7 20. e5 Nh5 21. Qg4 Rf5 22. g3 Raf8 23. Ne4 b6 24. b3 Ng7 25. Kg2 a5 26. h4 Nh5 27. Rf2 a4 28. Rdf1 axb3 29. axb3 Ra8 30. Kh2 Ra2 31. Qh3 Rf7 32. Kg2 c4 33. bxc4 c5 34. Kh1 Qc6 35. Qg2 Ng7 36. Ng5+ hxg5 37. Qxc6 Nf5 38. hxg5 Nxg3+ 39. Kg2 Nf5 40. Re2 Nd4 41. Qe4 b5 42. cxb5 Nxb5 43. Ref2 Nc3 44. Rh1+ Kg7 45. Qf3 Nd5 46. Qh3 Nxf4+ 47. Rxf4 Rxc2+ 48. Kg3 Rxf4 49. Qh8+ Kf7 50. Rh7# 1-0

[Event "Late-Titled-Tuesday-Blitz-April-16-2024"]
[Site "Chess.com"]
[Date "2024.04.16"]
[Round "4"]
[White "ellatambien"]
[Black "subham777"]
[Result "1-0"]
[WhiteElo "2718"]
[BlackElo "2533"]
[TimeControl "180+1"]
[EndTime "14:37:35 PDT"]
[Termination "ellatambien won on time"]

1. e4 e6 2. d4 d5 3. Nd2 c5 4.
exd5 Qxd5 5. dxc5 Bxc5 6. Ngf3 Nf6 7. Bc4 Qh5 8. Qe2 O-O 9. Nf1 Bb6 10. Ng3 Qc5 11.
O-O Bd7 12. Ne5 Bc6 13. b3 Bd5 14. Bd3 Nc6 15. Bb2 Nxe5 16. Bxe5 Bc7 17. Bxf6 gxf6 18.
Qh5 Rfc8 19. c4 Bxg3 20. hxg3 f5 21. Qg5+ Kf8 22. cxd5 Qxd5 23. Bc4 Qd4 24. Rad1 Qg7 25. Qe3 b6 26. Rd7 Rd8 27. Rfd1 Qf6 28. Qd4 Rxd7 29. Qxd7 a5 30. Bb5 Rb8 31. a4 Kg7 32. Bc4 h5 33. Rd6 Kg8 34. Qc7 Rf8 35. Qxb6 h4 36. gxh4 Qxh4 37.
Rd3 f4 38. Qd4 f6 39. Bxe6+ Kg7 40. Qd7+ Kh6 41. Rh3 Qxh3 42. Bxh3 f3 43. Qe7 Rg8 44. Qxf6+ Kh7 45. Bf5+ 1-0

[Event "Late-Titled-Tuesday-Blitz-April-16-2024"]
[Site "Chess.com"]
[Date "2024.04.16"]
[Round "4"]
[White "GiorgianBarbosa"]
[Black "CURRUTACO59"]
[Result "1-0"]
[WhiteElo "2454"]
[BlackElo "2161"]
[TimeControl "180+1"]
[EndTime "14:37:35 PDT"]
[Termination "GiorgianBarbosa won by checkmate"]

1. e4 e5 2. Nf3 Nc6 3. Bb5 Bc5 4. O-O Nd4 5. Nxd4 Bxd4 6. c3 Bb6 7. d4 c6 8. Ba4 d6 9. Be3 Nf6 10. h3 Nxe4 11.
Bc2 Nf6 12. Nd2 O-O 13. Qf3 exd4 14. cxd4 h6 15. Qg3 Kh8 16. Qh4 Nh7 17. Qe4 f5 18.
Qd3 d5 19. Nf3 Bc7 20. Ne5 Qf6 21. Bf4 Bb6 22. Rae1 Be6 23. h4 g5 24. Ng4 Qg6 25. Be5+ Kg8 26. hxg5 hxg5 27. Qh3 Kf7 28. Nh6+ Ke7 29.
g4 Kd7 30. Nxf5 Rae8 31. Qa3 a6 32. Qd6+ Kc8 33. Qb8+ Kd7 34. Qxb7+ Kd8 35. Qxb6+ Kd7 36. Qc7# 1-0

[Event "Late-Titled-Tuesday-Blitz-April-16-2024"]
[Site "Chess.com"]
[Date "2024.04.16"]
[Round "4"]
[White "Respectful_Dave"]
[Black "Viktoker"]
[Result "1-0"]
[WhiteElo "2360"]
[BlackElo "2478"]
[TimeControl "180+1"]
[EndTime "14:37:37 PDT"]
[Termination "Respectful_Dave won by checkmate"]

1. d4 f5 2. g3 Nf6 3. Bg2 e6 4. Nf3 Be7 5. c4 Ne4 6. Nc3 d5 7. O-O c6 8. Ne5 Nd7 9. Bf4 O-O 10. Qb3 Nxe5 11. dxe5 Qb6 12. Qc2 Bd7 13. a3 Rac8 14. b4 Qa6 15. Nxe4 fxe4 16. c5 Rf7 17. Rfd1 Rcf8 18. Bxe4 g6 19. Bd3 b5 20. Bh6 Qc8 21. Bxf8 Qxf8 22. f4 Qg7 23. Rf1 Rf8 24. h4 Be8 25.
Kg2 a6 26. e3 h6 27. a4 g5 28. hxg5 hxg5 29. axb5 gxf4 30. exf4 Bh4 31. Bh7+ Kh8 32.
Qd3 cxb5 33. Rf3 Bh5 34. Rf2 d4 35. Rh1 Qb7+ 36. Be4 Qf7 37. Rxh4 Kg8 38. Kf1 Kg7 39. Rfh2 Rh8 40. Rxh5 Rxh5 41. Rxh5 Qxh5 42. Qf3 Qh2 43.
Qg2 Qh5 44. g4 Qh4 45. c6 d3 46. c7 d2 47. Qxd2 Qh3+ 48. Bg2 Qg3 49. c8=Q Qxg4 50. Qdd7+ Kh6 51. Qh8+ Kg6 52. Qf6+ Kh5 53. Qh7# 1-0

[Event "Late-Titled-Tuesday-Blitz-April-16-2024"]
[Site "Chess.com"]
[Date "2024.04.16"]
[Round "4"]
[White "Allion2017"]
[Black "shirovin"]
[Result "1-0"]
[WhiteElo "2278"]
[BlackElo "2042"]
[TimeControl "180+1"]
[EndTime "14:37:37 PDT"]
[Termination "Allion2017 won by checkmate"]

1. d4 f5 2. e4 fxe4 3. Nc3 d5 4. f3 Nf6 5. fxe4 dxe4 6. Bc4 Bf5 7. Nge2 e6 8. O-O Nc6 9. h3 Qd7 10. Ng3 O-O-O 11. d5 Bd6 12. dxc6 Qxc6 13. Nxf5 Bh2+ 14. Kxh2 Rxd1 15. Ne7+ Kd7 16. Nxc6 Rxf1 17. Bxf1 Kxc6 18.
Bg5 Rd8 19. Bb5+ Kb6 20. Be3+ c5 21. Bc4 Nd5 22. Re1 Nxe3 23. Rxe3 Rd2 24. Rxe4 Rxc2 25.
Rxe6+ Kc7 26. Re7+ Kd6 27. Rxb7 g5 28. Bd3 Rc1 29.
Rxa7 h5 30. Rg7 h4 31. Rxg5 c4 32. Bxc4 Rc2 33. Bb3 Rxb2 34. Ne4+ Kc6 35. Rc5+ Kb6 36. Rc2 Rb1 37. Nd2 Re1 38. Nf3 Rb1 39. Nxh4 Ka5 40.
g4 Kb4 41. g5 Re1 42. g6 Re7 43. Nf5 Rd7 44. g7 Rd8 45. g8=Q Rxg8 46. Bxg8 Ka3 47.
Nd4 Kb4 48. Kg3 Ka3 49. Kf4 Kb4 50. Ke4 Ka3 51. Kd3 Kb4 52. Nc6+ Ka3 53. Kc4 Ka4 54. Nd4 Ka3 55. Nb5+ Ka4 56. Rb2 Ka5 57. Nd4 Ka4 58. Rb3 Ka5 59. Nc2 Ka4 60. Ra3# 1-0

[Event "Late-Titled-Tuesday-Blitz-April-16-2024"]
[Site "Chess.com"]
[Date "2024.04.16"]
[Round "4"]
[White "Bkmzzzzz"]
[Black "giovannibrandao7"]
[Result "1-0"]
[WhiteElo "2379"]
[BlackElo "2230"]
[TimeControl "180+1"]
[EndTime "14:37:39 PDT"]
[Termination "Bkmzzzzz won on time"]

1. e4 c5 2. Nf3 d6 3. d4 cxd4 4. Qxd4 Nc6 5. Bb5 Bd7 6. Qd3 e6 7. Nc3 Nf6 8. Bg5 Be7 9. O-O-O a6 10. Bxc6 Bxc6 11. Nd4 Qc7 12. f3 h6 13. Bd2 b5 14.
g4 b4 15. Nxc6 Qxc6 16. Ne2 Qb7 17. h4 Nd7 18. Qd4 a5 19. g5 hxg5 20. hxg5 Rxh1 21. Rxh1 O-O-O 22. Qxg7 Ne5 23. Nd4 Qb6 24. Be3 Nxf3 25. Qxf7 Nxd4 26. Qxe7 Nb3+ 27. axb3 Qxe3+ 28. Kb1 Qxe4 29.
Rh7 Qc6 30. Qxe6+ Kb8 31. Qe7 Re8 32. Qa7+ Kc8 33. Qxa5 Re1+ 34. Ka2 Re5 35. Rh8+ Kd7 36. Qd8+ Ke6 37. Re8+ Kf5 38. Qf6+ Kg4 39. Rxe5 Qa6+ 40. Kb1 1-0

[Event "Late-Titled-Tuesday-Blitz-April-16-2024"]
[Site "Chess.com"]
[Date "2024.04.16"]
[Round "4"]
[White "rajesh1464"]
[Black "dvglko"]
[Result "1-0"]
[WhiteElo "2374"]
[BlackElo "2506"]
[TimeControl "180+1"]
[EndTime "14:37:40 PDT"]
[Termination "rajesh1464 won by checkmate"]

1. d4 d5 2. c4 c6 3. Nc3 Nf6 4. Nf3 dxc4 5. e3 b5 6. a4 b4 7.
Na2 e6 8. Bxc4 a5 9. O-O Be7 10.
Ne5 O-O 11. Qe2 Qc7 12. Bd2 c5 13. Rfc1 Nc6 14. Nxc6 Qxc6 15. Bb5 Qb6 16. dxc5 Bxc5 17. Rc4 Bb7 18. Nc1 Rac8 19. Nd3 Bd6 20. Rac1 Rxc4 21. Rxc4 Rc8 22. Rxc8+ Bxc8 23. e4 e5 24. Bg5 Qd4 25. Bxf6 gxf6 26. h3 f5 27. Qc2 Be6 28. Qc1 f6 29.
Qh6 Be7 30. Qh5 fxe4 31. Qe8+ Bf8 32. Qxe6+ Kg7 33. Bc4 exd3 34. Qf7+ Kh6 35. Qxf8+ Kg5 36. Qg7+ Kf5 37. Qxh7+ Kg5 38. Qxd3 Qxb2 39. Qg3+ Kf5 40.
Qg4# 1-0

[Event "Late-Titled-Tuesday-Blitz-April-16-2024"]
[Site "Chess.com"]
[Date "2024.04.16"]
[Round "4"]
[White "SergioMoralesG"]
[Black "yuriydovzik"]
[Result "1/2-1/2"]
[WhiteElo "2428"]
[BlackElo "2140"]
[TimeControl "180+1"]
[EndTime "14:37:40 PDT"]
[Termination "Game drawn by repetition"]

1. d4 c6 2. c4 d5 3. Nf3 Nf6 4.
Nc3 a6 5. e3 b5 6. c5 Bg4 7.
Be2 e6 8. O-O Be7 9. Bd2 a5 10.
Ne5 Bxe2 11. Qxe2 O-O 12. f4 Qc7 13. Kh1 Nbd7 14. Be1 b4 15. Nd1 Nxe5 16. fxe5 Ne4 17. Nf2 Nxf2+ 18. Bxf2 f5 19. exf6 Rxf6 20. Bg3 Qd7 21.
Rxf6 Bxf6 22. Rf1 Rf8 23. Qa6 Bd8 24. Rxf8+ Kxf8 25. h3 Kf7 26. b3 h6 27. Bd6 Kg8 28. Kg1 Bg5 29. Qxa5 Bxe3+ 30. Kh1 Qf7 31. Qa8+ Kh7 32.
Qa6 Qf2 33. Qd3+ g6 34. Kh2 Qg1+ 35. Kg3 Qf2+ 36. Kh2 Qg1+ 37. Kg3 Qf2+ 38. Kh2 1/2-1/2

[Event "Late-Titled-Tuesday-Blitz-April-16-2024"]
[Site "Chess.com"]
[Date "2024.04.16"]
[Round "4"]
[White "Vincefm"]
[Black "english_player_89"]
[Result "0-1"]
[WhiteElo "2340"]
[BlackElo "2524"]
[TimeControl "180+1"]
[EndTime "14:37:41 PDT"]
[Termination "english_player_89 won by checkmate"]

1. c4 Nf6 2. Nf3 g6 3. Nc3 Bg7 4. e4 d6 5. d4 O-O 6. Be2 Bg4 7. O-O Bxf3 8. Bxf3 c6 9. Be3 Nbd7 10. Qc2 e5 11. Rad1 Qc7 12. b4 Rfe8 13. Rfe1 a5 14. a3 axb4 15.
axb4 exd4 16. Bxd4 Ne5 17. Be2 c5 18. Bxe5 dxe5 19. Nb5 Qc6 20. f3 cxb4 21. Qb3 Qc5+ 22. Kh1 Red8 23. Bf1 Nh5 24. Rb1 Bf8 25. Red1 Qf2 26.
Rb2 Qh4 27. Rxd8 Rxd8 28. Qe3 Rd1 29. Kg1 Re1 30. Qf2 Qxf2+ 31. Kxf2 Rc1 32. g3 f5 33. exf5 gxf5 34. Bd3 f4 35. g4 Nf6 36. Re2 Bc5+ 37. Kg2 Be3 38. h4 h6 39. g5 hxg5 40. hxg5 Nh7 41. g6 Ng5 42. Nd6 Rg1+ 43. Kh2 Nxf3+ 44. Kh3 Rg3# 0-1